 Dungeon Crawl Stone Soup version 0.19-a0-1167-g79b6552 (webtiles) character file.

93 stupendous the Sneak (level 4, -1/21 HPs)
             Began as a Vine Stalker Enchanter on Aug 14, 2016.
             Slain by an adder (3 damage)
             ... on level 2 of the Dungeon.
             The game lasted 00:07:42 (1404 turns).

stupendous the Sneak (Vine Stalker Enchanter)       Turns: 1404, Time: 00:07:43

Health: -1/21      AC:  4    Str: 11    XL:     4   Next: 62%
Magic:  0/10       EV: 13    Int: 16    God:
Gold:   93         SH:  0    Dex: 14    Spells: 2 memorised, 6 levels left

rFire  . . .     SeeInvis +     a - +1 dagger
rCold  . . .     Gourm    .     b - +1 robe
rNeg   . . .     Faith    .     (no shield)
rPois  .         Spirit   +     (no helmet)
rElec  .         Dismiss  .     (no cloak)
rCorr  .         Reflect  .     n - +0 pair of gloves
MR     .....     Harm     .     (no boots)
Stlth  +++.......               (no amulet)
                                (no ring)
                                j - ring of see invisible

@: lethally poisoned (-1 -> -2), very slightly contaminated, invisible
A: fangs 2, regeneration 1, magic shield, antimagic bite, no device heal 3, rot
immunity
a: no special abilities


You were on level 2 of the Dungeon.
You were hungry.

You visited 1 branch of the dungeon, and saw 2 of its levels.

You collected 93 gold pieces.

Inventory:

Hand Weapons
 a - a +1 dagger (weapon)
Armour
 b - a +1 robe (worn)
 n - a +0 pair of gloves (worn)
Jewellery
 j - a ring of see invisible (left hand)
Scrolls
 g - a scroll of fog {unknown}
 h - a scroll of teleportation {unknown}
 k - 3 scrolls of identify {unknown}
 m - a scroll of noise {unknown}
Potions
 f - 2 potions of heal wounds
 i - a potion of curing {unknown}
 l - a potion of might {unknown}
Books
 c - a book of Maledictions

   Spells                             Type                      Level
   a - Corona                         Hexes                        1
   b - Ensorcelled Hibernation        Hexes/Ice                    2
   c - Confuse                        Hexes                        3
   d - Tukima's Dance                 Hexes                        3
   e - Dazzling Spray                 Conjuration/Hexes            3
Comestibles
 d - 3 bread rations
 o - a fruit
 p - a royal jelly


   Skills:
 - Level 0.8 Short Blades
 + Level 2.3 Dodging
 * Level 4.4 Stealth
 * Level 3.4 Spellcasting
 + Level 3.3 Hexes


You had 6 spell levels left.
You knew the following spells:

 Your Spells              Type           Power        Failure   Level  Hunger
a - Corona                Hex            ##.....      6%          1    None
b - Ensorcelled Hibernat  Hex/Ice        #.....       14%         2    ##.....


Dungeon Overview and Level Annotations

Branches:
Dungeon (2/15)

Altars:
Fedhas


Innate Abilities, Weirdness & Mutations

You have extremely sharp teeth.
Your natural rate of healing is unusually fast.
When hurt, damage is shared between your health and your magic reserves.
Your bite disrupts and absorbs the magic of your enemies.
Potions and wands cannot restore your health.
You are immune to rotting.


Message History

The adder barely misses you. The adder barely misses you.
The adder closely misses you. The adder bites you.
* * * LOW HITPOINT WARNING * * *
You are poisoned.
The adder poisons you!
You feel sick.
You see here 10 poisoned needles.
The adder bites you.
* * * LOW HITPOINT WARNING * * *
* * * LOW HITPOINT WARNING * * *
You feel sick.
* * * LOW HITPOINT WARNING * * *
You feel sick. The adder closely misses you.
It was a potion of heal wounds.
That seemed strangely inert.
The adder bites you but does no damage.
It was a potion of invisibility.
You fade into invisibility!
The adder bites you.
You die...

##################
.................#
################.#
#._...........#.#
#..##########.#.# #.##
########.#.# ##.#
#........#@# ...#
#....#####S# #### #....# #.#
#....#####.# #........(.#
################## ####
........ . ######...
#############.####...)..####
...>........................
#


You could see an adder.

Vanquished Creatures
  4 gnolls
  2 adders (D:2)
  2 dart slugs
  2 giant cockroaches (D:1)
  4 goblins (D:1)
  3 hobgoblins
  5 kobolds (D:1)
  2 quokkas (D:2)
  5 bats
  2 giant newts (D:1)
  7 rats
38 creatures vanquished.

Notes
Turn   | Place    | Note
-------+----------+-------------------------------------------
     0 | D:1      | stupendous the Vine Stalker Enchanter began the quest for the Orb.
     0 | D:1      | Reached XP level 1. HP: 9/9 MP: 4/4
    87 | D:1      | Reached XP level 2. HP: 13/13 MP: 4/6
   526 | D:2      | Reached XP level 3. HP: 16/16 MP: 8/8
   530 | D:2      | Learned a level 2 spell: Ensorcelled Hibernation
   539 | D:1      | Reached skill level 4 in Stealth
   972 | D:2      | Reached XP level 4. HP: 13/21 MP: 3/9
  1338 | D:2      | Found a blossoming altar of Fedhas.
  1402 | D:2      | HP: 1/21 [poisoned by an adder]
  1404 | D:2      | Slain by an adder

Vault maps used:
D:1:      dpeg_arrival_shelter, serial_park_tiny_2
D:2:      overflow_temple_1_default

Skill      XL: |  1  2  3 |
---------------+----------+-----
Dodging        | 2 |  2.3
Stealth        | 4 |  4.4
Spellcasting   | 3 |  3.4
Short Blades   | |  0.8
Hexes          | |  3.3

Action                   |  1- 3 |  4- 6 || total
-------------------------+-------+-------++-------
Melee: Dagger            |    89 |    15 ||   104
       Bite              |     9 |     3 ||    12
 Cast: Ensorcelled Hiber |     5 |    13 ||    18
  Use: Potion            |       |     2 ||     2
 Stab: Sleeping          |     8 |     5 ||    13
  Eat: Chunk             |       |     2 ||     2
Armor: Robe              |    21 |     8 ||    29
Dodge: Dodged            |    56 |    26 ||    82
